 Dungeon Crawl Stone Soup version 0.31.0-12-g77e489cdc1 (webtiles) character file.

Game seed: 2246767994319398289

1078 Curundu the Cleaver (level 8, 0/105 HPs)
             Began as a Minotaur Berserker on Feb 12, 2024.
             Was a Priest of Trog.
             Slain by a two-headed ogre
             ... wielding a +0 giant club
              (11 damage)
             ... on level 5 of the Dungeon.
             The game lasted 00:09:06 (3629 turns).

Curundu the Cleaver (Minotaur Berserker)            Turns: 3629, Time: 00:09:06

Health: 0/105      AC:  9    Str: 24    XL:     8   Next: 8%
Magic:  7/7        EV:  9    Int:  4    God:    Trog [***...]
Gold:   264        SH:  0    Dex: 10    Spells: 7/7 levels left

rFire   . . .        b - +0 war axe
rCold   + . .        (no shield)
rNeg    . . .        h - +0 chain mail
rPois   .            (helmet restricted)
rElec   .            (no cloak)
rCorr   .            (no gloves)
SInv    .            (no boots)
Will    .....        (no amulet) Stlth
                     j - ring of protection from cold
HPRegen 0.37/turn    (no ring)
MPRegen 0.10/turn

%: no passive effects
@: berserking, very quick
A: horns 2, retaliatory headbutt
a: Renounce Religion, Berserk, Trog's Hand


You were on level 5 of the Dungeon.
You worshipped Trog.
Trog was most pleased with you.
You visited 1 branch of the dungeon, and saw 5 of its levels.

You collected 264 gold pieces.

Inventory:

Hand Weapons
 b - a +0 war axe (weapon)
Missiles
 p - 4 boomerangs (quivered)
Armour
 h - a +0 chain mail (worn)
Jewellery
 i - a +6 ring of dexterity
 j - a ring of protection from cold (left hand)
Scrolls
 a - 2 scrolls of immolation {unknown}
 c - 7 scrolls of identify {unknown}
 d - a scroll of summoning {unknown}
 e - a scroll of enchant armour {unknown}
 l - a scroll of brand weapon {unknown}
 m - a scroll of fear {unknown}
 o - a scroll of poison {unknown}
 q - a scroll of noise {unknown}
Potions
 f - 2 potions of heal wounds {unknown}
 g - 2 potions of lignification {unknown}
 k - a potion of degeneration {unknown}
 n - a potion of might {unknown}
 r - a potion of curing {unknown}


   Skills:
 + Level 6.0 Fighting
 + Level 9.0 Axes
 + Level 1.1 Throwing
 + Level 5.0 Armour
 + Level 3.4 Dodging
 + Level 1.0 Stealth


You had 7 spell levels left.
You didn't know any spells.
Your spell library was empty.

Dungeon Overview and Level Annotations

Branches:
Dungeon (5/15)             Temple (0/1) D:4

Altars:
Okawaru
Xom
Zin


Innate Abilities, Weirdness & Mutations

You have a pair of horns on your head.
You reflexively headbutt those who attack you in melee.


Message History

The two-headed ogre hits you with a +0 giant club!!
* * * LOW HITPOINT WARNING * * *
You hit the two-headed ogre. You headbutt the two-headed ogre.
The two-headed ogre is heavily wounded.
You hit the two-headed ogre.
Your headbutt misses the two-headed ogre.
The two-headed ogre is severely wounded.
A phantom comes into view.
The two-headed ogre closely misses you.
The two-headed ogre hits you with a +0 giant club!
* * * LOW HITPOINT WARNING * * *
You hit the two-headed ogre.
Your headbutt misses the two-headed ogre.
The two-headed ogre is severely wounded.
You slice the two-headed ogre!!
You kill the two-headed ogre!
Trog accepts your kill.
Your Axes skill increases to level 8!
Your Throwing skill increases to level 1!
Your Armour skill increases to level 4!
Your Stealth skill increases to level 1!
You have reached level 7!
You slice the hound!!
You kill the hound!
Trog accepts your kill.
Your Fighting skill increases to level 6!
The gnoll hits you but does no damage.
You slice the ogre!!
You feel the power of Trog in you as your rage grows.
You kill the ogre!
Trog accepts your kill.
The gnoll hits you from afar with a +0 spear.
* * * LOW HITPOINT WARNING * * *
Your Axes skill increases to level 9!
Your Armour skill increases to level 5!
You have reached level 8!
You feel agile.
You closely miss the two-headed ogre. You headbutt the two-headed ogre!!
The two-headed ogre is moderately wounded.
The two-headed ogre hits you with a +0 giant club!
You die...

#.# .. #.# ..
##.# #..##
##...# ##.@#
#..#OoK.#
##.##.g...# ##
##..# l.W....
.## #..##
..8.... ..##
##..# .......
#..### #...#
:.....#
###..## ##...#
#...##.
##..####..#..#


You could see a two-headed ogre, a kobold brigand, a phantom, an iguana, a gnoll
and an orc.

Vanquished Creatures
  A two-headed ogre (D:5)
  3 ogres
  2 hounds (D:5)
  An orc wizard (D:3)
  3 gnolls (D:2)
  5 adders (D:2)
  A ribbon worm (D:4)
  2 dart slugs
  4 orcs
  4 ball pythons
  11 endoplasms
  4 giant cockroaches
  6 goblins
  8 hobgoblins
  3 jackals (D:3)
  5 kobolds
  3 quokkas (D:1)
  7 bats
  3 frilled lizards (D:1)
  9 rats
85 creatures vanquished.

Notes
Turn   | Place    | Note
-------+----------+-------------------------------------------
     0 | D:1      | Curundu the Minotaur Berserker began the quest for the Orb.
     0 | D:1      | Reached XP level 1. HP: 19/19 MP: 0/0
   106 | D:1      | Reached skill level 4 in Axes
   106 | D:1      | Reached XP level 2. HP: 25/27 MP: 1/1
   339 | D:1      | Reached XP level 3. HP: 24/33 MP: 2/2
   349 | D:1      | Reached ** piety under Trog
  1024 | D:2      | Reached XP level 4. HP: 26/41 MP: 3/3
  1214 | D:2      | Reached skill level 5 in Axes
  1814 | D:3      | Reached XP level 5. HP: 47/47 MP: 4/4
  1818 | D:3      | Reached *** piety under Trog
  2099 | D:3      | Identified the +0 ring mail of Dijoseap {rCorr}
  2369 | D:3      | Found a shimmering altar of Xom.
  2683 | D:4      | Noticed an ogre
  2692 | D:4      | Killed an ogre
  2693 | D:4      | Reached skill level 5 in Fighting
  2693 | D:4      | Reached skill level 6 in Axes
  2693 | D:4      | Reached XP level 6. HP: 56/56 MP: 5/5
  3019 | D:4      | Found a glowing silver altar of Zin.
  3121 | D:4      | Found a staircase to the Ecumenical Temple.
  3425 | D:4      | Found an iron altar of Okawaru.
  3554 | D:5      | Entered Level 5 of the Dungeon
  3569 | D:5      | Reached skill level 7 in Axes
  3616 | D:5      | Noticed a two-headed ogre
  3617 | D:5      | Noticed a two-headed ogre
  3625 | D:5      | Killed a two-headed ogre
  3626 | D:5      | Reached skill level 8 in Axes
  3626 | D:5      | Reached skill level 1 in Throwing
  3626 | D:5      | Reached skill level 1 in Stealth
  3626 | D:5      | Reached XP level 7. HP: 11/62 MP: 6/6
  3629 | D:5      | Reached skill level 9 in Axes
  3629 | D:5      | Reached skill level 5 in Armour
  3629 | D:5      | Reached XP level 8. HP: 11/70 MP: 7/7
  3629 | D:5      | Slain by a two-headed ogre

Illustrated notes

Levels and vault maps discovered:
D:1:      elethiomel_arrival_diamonds, layout_basic, minmay_tetromino_t4
D:2:      layout_basic
D:3:      layout_basic, mainiacjoe_overflow_concentric_impassable,
          amcnicky_mini_pool_small
D:4:      layout_basic, kennysheep_okawaru_gauntlet,
          mainiacjoe_overflow_chevrons, minmay_temple_entry_poolview,
          serial_glass, glass_columns_a, glass_columns_a
D:5:      layout_cave_pods, dk_yredelemnul_ordeal, general_overflow_altar,
          minmay_manual_moon

Skill      XL: |  1  2  3  4  5  6  7 |
---------------+----------------------+-----
Axes           | 4 5 6 8 9 |  9.0
Fighting       | 4 5 6 |  6.0
Dodging        | 3 |  3.4
Armour         | 3 4 5 |  5.0
Throwing       | 1 |  1.1
Stealth        | 1 |  1.0

Action                     |  1- 3 |  4- 6 |  7- 9 || total
---------------------------+-------+-------+-------++-------
  Melee: Hand axe          |    80 |     2 |       ||    82
         Headbutt          |    17 |     9 |     1 ||    27
         War axe           |       |    93 |     3 ||    96
  Throw: Boomerang         |       |     5 |       ||     5
 Invoke: Trog's Hand       |       |     2 |       ||     2
         Berserk           |       |     2 |       ||     2
 Armour: Animal skin       |    43 |       |       ||    43
         Chain mail        |       |    54 |     3 ||    57
  Dodge: Dodged            |    62 |    49 |       ||   111
